 Dungeon Crawl Stone Soup version 0.31-a0-971-g75a2e9a4b4 (webtiles) character file.

Game seed: 2778473683390832836

79 BinkBink the Changeling (level 4, -5/22 HPs)
             Began as a Spriggan Shapeshifter on Oct 28, 2023.
             Killed by nerve-wracking pain
             ... invoked by an orc priest
              (12 damage)
             ... on level 3 of the Dungeon.
             The game lasted 00:02:39 (1797 turns).

BinkBink the Changeling (Spriggan Shapeshifter)     Turns: 1797, Time: 00:02:40

Health: -5/22      AC:  2    Str: 12    XL:     4   Next: 16%
Magic:  5/5        EV: 17    Int: 11    God:
Gold:   147        SH:  0    Dex: 14    Spells: 3/3 levels left

rFire   . .          .
                       - Unarmed
rCold   + . .        (no shield)
rNeg    . . .        a - +0 animal skin
rPois   .            (helmet currently unavailable)
rElec   .            (cloak currently unavailable)
rCorr   .            (gloves unavailable)
SInv    +            (boots unavailable)
Will    .....        (no amulet)
Stlth   ++           l - ring of protection from cold
HPRegen 0.23/turn    (no ring)
MPRegen 0.09/turn

%: no passive effects
@: beast-form, very quick
A: beast (slay +2), very small, no large weapons, unfitting armour, see
invisible, speed 3
a: Begin Untransformation


You were on level 3 of the Dungeon.
You were a hulking beast.
You visited 1 branch of the dungeon, and saw 3 of its levels.

You collected 147 gold pieces.

Inventory:

Armour
 a - a +0 animal skin (worn)
Jewellery
 l - a ring of protection from cold (left hand)
Talismans
 c - a beast talisman (active)
 d - a flux talisman
Scrolls
 g - 2 scrolls of teleportation {unknown}
 h - a scroll of poison {unknown}
 j - a scroll of identify {unknown}
 k - a scroll of noise {unknown}
 m - a scroll of enchant armour {unknown}
Potions
 b - 2 potions of lignification
 e - a potion of attraction {unknown}
 f - a potion of ambrosia {unknown}
 i - 2 potions of brilliance {unknown}
 n - a potion of mutation {unknown}


   Skills:
 + Level 1.5 Fighting
 + Level 3.5 Dodging
 + Level 2.5 Stealth
 + Level 2.8 Unarmed Combat
 + Level 4.5 Shapeshifting


You had 3 spell levels left.
You didn't know any spells.
Your spell library was empty.

Dungeon Overview and Level Annotations

Branches:
Dungeon (3/15)

Altars:
Fedhas


Innate Abilities, Weirdness & Mutations

You are a hulking beast.
Your limbs bulge with bestial killing power. (Slay +2)
You are very small and have problems with some larger weapons.
You are too small for most types of armour.
You have supernaturally acute eyesight. (SInv)
You cover ground extremely quickly. (Speed+++)


Message History

Found a fuming red potion.
i - 2 fuming red potions (gained 1)
You now have 147 gold pieces (gained 10).
The orc priest shouts!
A ball python comes into view.
There are monsters nearby!
There are monsters nearby!
You start waiting.
An orc priest is nearby!
The orc priest closely misses you.
The orc enters a dispersal trap!
The orc wizard blinks!
The orc priest blinks!
The orc wizard blinks!
You closely miss the orc priest. You hit the orc priest.
The orc priest is lightly wounded.
The orc priest looks satisfied for a moment.
You barely miss the orc priest.
The orc priest is lightly wounded.
The orc priest hits you with a +0 flail.
The orc wizard completely misses you.
You hit the orc priest but do no damage.
The orc priest is lightly wounded.
The orc priest hits you with a +0 flail!
The orc wizard barely misses you.
You hit the orc priest.
The orc priest is heavily wounded.
The orc priest misses you. The orc wizard completely misses you.
You hit the orc priest but do no damage.
The orc priest is moderately wounded.
The orc priest mumbles some strange prayers to Beogh against you.
You struggle to resist.
The orc shouts!
You hit the orc priest but do no damage.
The orc priest is moderately wounded.
The orc wizard hits you with a +0 dagger.
The orc enters a dispersal trap!
The orc priest blinks! x2; You blink.
The orc blinks!
The orc priest invokes the aid of Beogh against you.
Pain shoots through your body!
Ouch! That really hurt!
You die...

## #..#.......#.....##..###..#
...####o.#.......#.....##..###.##
.........#.......#..#####..#...#
........o#.~...~o#.###..o..).###
####.....#...o..§#.#...##.....
##...........o..§...........
#...............#.§......#..
#.....##.....................
########....h####.........##.
#...o.# ........# . #.....# .....
#.....# ...S. ####### .... .


You could see 2 orc priests and an orc.

Vanquished Creatures
  4 adders
  4 orcs (D:3)
  2 bats (D:1)
  3 endoplasms
  A giant cockroach (D:1)
  2 goblins (D:1)
  2 hobgoblins (D:1)
  3 quokkas
  10 ball pythons
  2 frilled lizards
  2 kobolds
  4 rats
39 creatures vanquished.

Notes
Turn   | Place    | Note
-------+----------+-------------------------------------------
     0 | D:1      | BinkBink the Spriggan Shapeshifter began the quest for the
                  | Orb.
     0 | D:1      | Reached XP level 1. HP: 9/9 MP: 2/2
    92 | D:1      | Reached skill level 1 in Fighting
    92 | D:1      | Reached skill level 1 in Stealth
   143 | D:1      | Reached XP level 2. HP: 14/14 MP: 3/3
   641 | D:2      | Reached XP level 3. HP: 18/18 MP: 4/4
   691 | D:2      | Found a blossoming altar of Fedhas.
  1247 | D:3      | Reached XP level 4. HP: 17/22 MP: 5/5
  1797 | D:3      | Killed from afar by an orc priest

Illustrated notes

Levels and vault maps discovered:
D:1:      lemuel_arrival_muddy, layout_basic
D:2:      layout_rooms, basic_altar
D:3:      cheibrodos_pilgrimage, layout_rooms, kennysheep_path_1

Skill      XL: |  1  2  3 |
---------------+----------+-----
Fighting       | 1 |  1.5
Stealth        | 1 2 |  2.5
Dodging        | 3 |  3.5
Unarmed Combat | |  2.8
Shapeshifting  | |  4.5

Action                     |  1- 3 |  4- 6 || total
---------------------------+-------+-------++-------
  Melee: Unarmed           |    95 |    36 ||   131
         Punch             |     2 |     1 ||     3
   Stab: Sleeping          |     4 |     1 ||     5
         Distracted        |     1 |       ||     1
 Armour: Animal skin       |    25 |    10 ||    35
  Dodge: Dodged            |    68 |    33 ||   101
   Form: Beast             |     1 |       ||     1

Table legend: (Time is in decaauts)
 A = Elapsed time spent in this place.
 B = Non-inter-level travel time spent in this place.
 C = Inter-level travel time spent in this place.
 D = Time resting spent in this place.
 E = Time spent auto-exploring this place.
 F = Levels seen in this place.
 G = Mean time per level.
                   A        B        C        D        E       F      G
               +--------+--------+--------+--------+--------+-----+--------+
         Total |   1302 |   1281 |     21 |    196 |    776 |   3 |  434.0 |
       Dungeon |   1302 |   1281 |     21 |    196 |    776 |   3 |  434.0 |
               +--------+--------+--------+--------+--------+-----+--------+

Top non-repeatable levels by time:
     D:3: 514 daAuts
     D:1: 413 daAuts
     D:2: 375 daAuts
